 Dungeon Crawl Stone Soup version 0.30-a0-279-g4b46babb21 (webtiles) character file.

Game seed: 11445453985298332803

139 pokeman the Magician (level 5, 0/29 HPs)
             Began as a Deep Elf Hedge Wizard on Oct 17, 2022.
             Slain by an orc
             ... wielding a +0 morningstar
              (8 damage)
             ... on level 3 of the Dungeon.
             The game lasted 00:06:12 (3445 turns).

pokeman the Magician (Deep Elf Hedge Wizard)        Turns: 3445, Time: 00:06:13

Health: 0/29       AC:  4    Str:  7    XL:     5   Next: 1%
Magic:  2/15       EV: 12    Int: 27    God:
Gold:   133        SH:  0    Dex: 14    Spells: 8/16 levels left

rFire   . . .      SeeInvis .    y - +1 dagger (pain)
rCold   + . .      Faith    .    (no shield)
rNeg    . . .      Spirit   .    r - +0 leather armour
rPois   .          Reflect  .    c - +0 hat
rElec   .          Harm     .    (no cloak)
rCorr   .          Rampage  .    n - +0 pair of gloves
Will    .....                    (no boots)
Stlth   ++........               (no amulet)
HPRegen 0.24/turn                m - +6 ring of intelligence
MPRegen 0.14/turn                v - ring of protection from cold

@: no status effects
A: no striking features
a: no special abilities


You were on level 3 of the Dungeon.
You visited 1 branch of the dungeon, and saw 4 of its levels.

You collected 188 gold pieces.
You spent 55 gold pieces at shops.

Inventory:

Hand Weapons
 y - a +1 dagger of pain (weapon)
Armour
 c - a +0 hat (worn)
 k - a +0 buckler
 n - a +0 pair of gloves (worn)
 r - a +0 leather armour (worn)
Magical Staves
 j - a staff of poison
Jewellery
 b - a ring of see invisible
 m - a +6 ring of intelligence (left hand)
 v - a ring of protection from cold (right hand)
 x - a ring of ice
Wands
 q - a wand of iceblast (15)
Scrolls
 a - 2 scrolls of blinking {unknown}
 g - a scroll of magic mapping {unknown}
 i - a scroll of vulnerability {unknown}
 o - 2 scrolls of immolation {unknown}
 p - 2 scrolls of identify {unknown}
 s - 2 scrolls of teleportation {unknown}
 t - 2 scrolls of noise {unknown}
 w - 2 scrolls of brand weapon {unknown}
 z - a scroll of enchant weapon {unknown}
 A - a scroll of poison {unknown}
Potions
 d - a potion of magic
 e - 2 potions of attraction {unknown}
 f - 2 potions of lignification {unknown}
 h - a potion of haste {unknown}
 l - 3 potions of curing
 u - a potion of berserk rage {unknown}
 B - a potion of brilliance {unknown}
 C - a potion of heal wounds
 D - a potion of resistance {unknown}
 E - 2 potions of invisibility {unknown}


   Skills:
 - Level 1.0 Fighting
 - Level 1.0 Armour
 + Level 3.0 Dodging
 - Level 2.4 Stealth
 + Level 0.8 Shields
 * Level 6.0 Spellcasting
 + Level 2.5 Conjurations
 - Level 1.1 Summonings
 - Level 1.1 Translocations


You had 8 spell levels left.
You knew the following spells:

 Your Spells              Type           Power      Damage    Failure   Level
a - Magic Dart            Conj           88%        1d7       3%          1
b - Mephitic Cloud        Conj/Pois/Air  12%        N/A       21%         3
c - Call Imp              Summ           14%        N/A       9%          2
d - Blink                 Tloc           28%        N/A       9%          2

Your spell library contained the following spells:

 Spells                   Type           Power      Damage    Failure   Level
 Slow                     Hex            32%        N/A       10%         1
 Sting                    Tmut/Pois      32%        1d4       10%         1
 Cigotuvi's Dreadful Rot  Necr/Pois/Air  16%        N/A       14%         2
 Poisonous Vapours        Pois/Air       16%        N/A       14%         2
 Olgreb's Toxic Radiance  Pois           8%         N/A       67%         4


Dungeon Overview and Level Annotations

Branches:
Dungeon (4/15)
 Temple: D:4-7

Altars:
Dithmenos
Qazlal
Sif Muna

Shops:
D:3 !:=:


Message History

Press: ? - help, Shift-Dir - straight line, f/p - goblin
Aim: a goblin, wielding a +0 dagger (heavily wounded, 100% to hit)
The magic dart hits the goblin.
The goblin is severely wounded.
Unknown command.
The orc hits you with a +0 morningstar.
You climb upwards.
There is a stone staircase leading down here.
You hit the orc but do no damage.
The orc is lightly wounded.
The orc barely misses you.
You hit the orc.
The orc is moderately wounded.
The orc misses you.
You barely miss the orc.
The orc is moderately wounded.
The orc barely misses you.
You hit the orc.
The orc is almost dead.
The orc drinks a potion.
The orc is healed!
You hit the orc.
The orc is lightly wounded.
The orc barely misses you.
You barely miss the orc.
The orc is lightly wounded.
The orc hits you with a +0 morningstar!
You barely miss the orc.
The orc is lightly wounded.
The orc closely misses you.
Casting: Magic Dart (safe; 3% risk of failure)
Confirm with . or Enter, or press ? or * to list all spells.
Aiming: Magic Dart (safe; 3% risk of failure)
Press: ? - help, Shift-Dir - straight line, f - orc
Aim: an orc, wielding a +0 morningstar and quivering boomerangs (lightly wounded, 100% to hit)
The magic dart hits the orc.
The orc is almost dead.
The orc hits you with a +0 morningstar!
* * * LOW HITPOINT WARNING * * *
The orc hits you with a +0 morningstar!
You die...

#...######...# #<.
#.[.# ###.####..
#...# #....... #...#
####..## #####
#######..##
####..........
#....####.####
########.#### ##.# #
#..>@.....# #..#
#..o......# #.##
#.........# #.#
#.........# ##.#
#.........####..#####
#....................
#.>.......##...######
############.###
##..# ###


You could see an orc.

Vanquished Creatures
  An iguana (D:3)
  2 adders
  2 worms
  3 dart slugs
  8 orcs
  10 ball pythons
  7 endoplasms
  A giant cockroach (D:1)
  8 goblins
  7 hobgoblins
  4 kobolds
  5 quokkas
  2 bats
  3 frilled lizards
  9 rats
72 creatures vanquished.

Notes
Turn   | Place    | Note
-------+----------+-------------------------------------------
     0 | D:1      | pokeman the Deep Elf Hedge Wizard began the quest for the
                  | Orb.
     0 | D:1      | Reached XP level 1. HP: 10/10 MP: 7/7
   158 | D:1      | Reached XP level 2. HP: 7/15 MP: 0/9
   767 | D:1      | Reached skill level 5 in Spellcasting
   853 | D:1      | Reached XP level 3. HP: 20/20 MP: 8/11
   857 | D:1      | Learned a level 3 spell: Mephitic Cloud
   860 | D:1      | Learned a level 2 spell: Call Imp
   863 | D:1      | Learned a level 2 spell: Blink
  1453 | D:2      | Found a shimmering blue altar of Sif Muna.
  1543 | D:2      | Reached skill level 1 in Armour
  1691 | D:2      | Reached skill level 1 in Fighting
  1997 | D:2      | Found a faded altar of an unknown god.
  2131 | D:2      | Reached XP level 4. HP: 25/25 MP: 5/13
  2532 | D:3      | Found Anemu's Book Shop.
  2781 | D:3      | Found a stormy altar of Qazlal.
  2883 | D:3      | Found Ruguosie's Book Emporium.
  2906 | D:3      | Found Pattisk's Jewellery Emporium.
  3035 | D:3      | Found a shadowy altar of Dithmenos.
  3144 | D:3      | Found Hualef's Distillery.
  3147 | D:3      | Bought a potion of heal wounds for 55 gold pieces
  3432 | D:4      | Reached XP level 5. HP: 29/29 MP: 4/15
  3433 | D:4      | Reached skill level 6 in Spellcasting
  3445 | D:3      | Slain by an orc

Illustrated notes

Levels and vault maps discovered:
D:1:      dpeg_arrival_central, layout_basic
D:2:      layout_loops_corners, basic_ecumenical_altar, basic_altar,
          serial_glass, glass_columns_b, glass_columns_b
D:3:      layout_rooms, nicolae_dithmenos_through_a_glass_darkly,
          mainiacjoe_overflow_surrounded_room, serial_shops, shop, shop,
          nicolae_shop_temple_entry_statues_fountains, nicolae_shop_behind_doors
D:4:      layout_loops_cross, gammafunk_ghost_abyssal_escape, serial_undead,
          serial_undead_d, serial_undead_b, serial_undead_b, serial_undead_d

Skill      XL: |  1  2  3  4  5 |
---------------+----------------+-----
Spellcasting   | 5 6 |  6.0
Armour         | 1 |  1.0
Fighting       | 1 |  1.0
Conjurations   | 2 |  2.5
Dodging        | 3 |  3.0
Stealth        | |  2.4
Shields        | |  0.8
Summonings     | |  1.1
Translocations | |  1.1

Action                   |  1- 3 |  4- 6 || total
-------------------------+-------+-------++-------
Melee: Dagger            |    29 |     7 ||    36
       Punch             |     1 |       ||     1
 Cast: Magic Dart        |   112 |    62 ||   174
       Mephitic Cloud    |       |     1 ||     1
Armor: Robe              |     9 |       ||     9
Dodge: Dodged            |    35 |     6 ||    41

Table legend: (Time is in decaauts)
 A = Elapsed time spent in this place.
 B = Non-inter-level travel time spent in this place.
 C = Inter-level travel time spent in this place.
 D = Time resting spent in this place.
 E = Time spent auto-exploring this place.
 F = Levels seen in this place.
 G = Mean time per level.
                   A        B        C        D        E       F      G
               +--------+--------+--------+--------+--------+-----+--------+
         Total |   3437 |   3330 |    107 |     28 |   2842 |   4 |  859.2 |
       Dungeon |   3437 |   3330 |    107 |     28 |   2842 |   4 |  859.2 |
               +--------+--------+--------+--------+--------+-----+--------+

Top non-repeatable levels by time:
     D:1: 1366 daAuts
     D:2: 1160 daAuts
     D:3: 897 daAuts
     D:4: 13 daAuts
